 Dungeon Crawl Stone Soup version 0.25-a0-1079-g858b6a6ff6 (webtiles) character file.

Game seed: 5867997771080306403, levelgen mode: deterministic

240 bmfx the Skirmisher (level 5, -4/42 HPs)
             Began as a Mummy Gladiator on May 15, 2020.
             Slain by a water moccasin (6 damage)
             ... on level 4 of the Dungeon.
             The game lasted 00:06:44 (4212 turns).

bmfx the Skirmisher (Mummy Gladiator)               Turns: 4212, Time: 00:06:44

Health: -4/42      AC:  7    Str: 18    XL:     5   Next: 79%
Magic:  5/5        EV:  6    Int:  8    God:
Gold:   126        SH: 13    Dex: 13    Spells: 4/4 levels left

rFire    x . .     SeeInvis .   a - +0 trident
rCold    + . .     Gourm    .   i - +2 tower shield
rNeg     + + +     Faith    .   h - +0 ring mail
rPois    ∞         Spirit   .   c - +1 helmet
rElec    .         Reflect  .   (no cloak)
rCorr    .         Harm     .   (no gloves)
MR       .....                  (no boots)
Stlth    +.........             (no amulet)
HPRegen  0.14/turn              (no ring)
MPRegen  0.09/turn              (no ring)

@: no status effects
A: no food or potions, fire vulnerability, cold resistance 1, negative energy
resistance 3, torment resistance, unbreathing
a: no special abilities


You were on level 4 of the Dungeon.
You were not hungry.

You visited 1 branch of the dungeon, and saw 4 of its levels.

You collected 126 gold pieces.


Innate Abilities, Weirdness & Mutations

You do not eat or drink.
Your flesh is vulnerable to fire.
You are immune to poison.
Your flesh is cold resistant. (rC+)
You are immune to negative energy. (rN+++)
You are immune to unholy pain and torment.
You can survive without breathing.

Dungeon Overview and Level Annotations

Branches:
Dungeon (4/15)
 Temple: D:4-7

Altars:
Ashenzari
Ru
The Shining One


   Skills:
 - Level 4.0 Fighting
 - Level 4.0 Polearms
 + Level 2.7 Throwing
 - Level 2.4 Dodging


You had 4 spell levels left.
You didn't know any spells.
Your spell library was empty.

Action                   |  1- 3 |  4- 6 || total
-------------------------+-------+-------++-------
Melee: Trident           |   133 |   239 ||   372
Throw: Stone             |    46 |    28 ||    74
       Throwing net      |       |     3 ||     3
  Use: Scroll            |       |     7 ||     7
 Stab: Sleeping          |     1 |       ||     1
       Held in net/web   |       |     1 ||     1
Armor: Leather armour    |    16 |       ||    16
       Ring mail         |    14 |    76 ||    90
Dodge: Dodged            |    72 |    47 ||   119
Block: Tower shield      |     6 |   148 ||   154

Skill      XL: |  1  2  3  4  5 |
---------------+----------------+-----
Throwing       | 2 |  2.7
Polearms       | 3 4 |  4.0
Fighting       | 3 4 |  4.0
Dodging        | |  2.4

Inventory:

Hand Weapons
 a - a +0 trident (weapon)
Missiles
 b - 26 sling bullets
 e - 76 stones (quivered)
Armour
 c - a +1 helmet (worn)
 h - a +0 ring mail (worn)
 i - a +2 tower shield (worn)
Scrolls
 k - 3 scrolls of remove curse

#................#
###............#.#
#####......o.....#..
#.....############
#..§..#######
#..§l§.....[.
####o#########
#S#..#....#
#@#..#.##.###
#.#..#.##...#
#.#....####.#
#§##.### #.#
#....######.#
#######.....#
#.##### #.# ### #.#


You could see a water moccasin, an iguana and an orc.

Vanquished Creatures
  A crimson imp (D:4)
  A worker ant (D:4)
  7 adders
  2 worms
  7 dart slugs
  4 leopard geckos
  9 orcs
  6 bats
  5 giant cockroaches
  6 goblins
  12 hobgoblins
  3 jackals (D:3)
  4 ball pythons
  A frilled lizard (D:2)
  A goblin skeleton (D:4)
  2 goblin zombies (D:4)
  A hobgoblin zombie (D:4)
  8 kobolds
  2 orc skeletons (D:4)
  An orc zombie (D:4)
  9 rats
92 creatures vanquished.

Levels and vault maps discovered:
D:1:      saegor_arrival_miasma, layout_basic, minmay_misc_feat_hallway,
          minmay_liquid_box
D:2:      layout_basic, lemuel_crystal_altar, minmay_misc_feat_tower
D:3:      layout_loops_ring, lemuel_coloured_pillars_altar,
          minmay_misc_feat_four_crosses, kennysheep_decorative_pillar
D:4:      layout_basic, first_ration, nicolae_tso_besieged_by_evil


Message History

Your shield prevents you from hitting the water moccasin.
The water moccasin is severely wounded.
You block the water moccasin's attack.
The water moccasin bites you but does no damage.
You miss the water moccasin.
The water moccasin is severely wounded.
The water moccasin bites you.
* * * LOW HITPOINT WARNING * * *
Your shield prevents you from hitting the water moccasin.
The water moccasin is severely wounded.
The water moccasin bites you but does no damage.
You block the water moccasin's attack.
You barely miss the water moccasin.
The water moccasin is severely wounded.
You block the water moccasin's attack. The water moccasin bites you.
* * * LOW HITPOINT WARNING * * *
You closely miss the water moccasin.
The water moccasin is severely wounded.
The water moccasin bites you.
You die...

Notes
Turn   | Place    | Note
-------+----------+-------------------------------------------
     0 | D:1      | bmfx the Mummy Gladiator began the quest for the Orb.
     0 | D:1      | Reached XP level 1. HP: 16/16 MP: 1/1
   616 | D:1      | Reached XP level 2. HP: 19/22 MP: 2/2
  1412 | D:2      | Reached XP level 3. HP: 28/28 MP: 3/3
  1794 | D:2      | Found a shattered altar of Ashenzari.
  1936 | D:2      | Reached XP level 4. HP: 23/35 MP: 4/4
  3306 | D:3      | Reached XP level 5. HP: 40/42 MP: 5/5
  3493 | D:3      | Found a sacrificial altar of Ru.
  3927 | D:4      | Found a glowing golden altar of the Shining One.
  3967 | D:4      | Noticed a water moccasin
  4211 | D:4      | HP: 2/42 [water moccasin (6)]
  4212 | D:4      | Slain by a water moccasin
